 Dungeon Crawl Stone Soup version 0.19.0-19-g8c6edcc (webtiles) character file.

4468 KarmaPolice the Jinx (level 10, -8/76 HPs)
             Began as a Vampire Skald on Nov 13, 2016.
             Was an Initiate of Kikubaaqudgha.
             Mangled by a troll (13 damage)
             ... on level 9 of the Dungeon.
             The game lasted 00:42:16 (18175 turns).

KarmaPolice the Jinx (Vampire Skald)               Turns: 18175, Time: 00:42:17

Health: -8/76      AC:  4    Str: 11    XL:     10   Next: 15%
Magic:  1/5        EV: 12    Int: 15    God:    Kikubaaqudgha [......]
Gold:   416        SH:  0    Dex: 29    Spells: 7 memorised, 1 level left

rFire  . . .     SeeInvis +     B - +8 mace of Impatience {antimagic, *Noise rN+ Dex+7}
rCold  + . .     Gourm    .     b - +0 leather armour
rNeg   + + +     Faith    .     (no shield)
rPois  +         Spirit   .     o - +0 helmet
rElec  .         Reflect  .     (no cloak)
rCorr  .         Harm     .     (no gloves)
MR     +....                    (no boots)
Stlth  +++.......               (no amulet)
                                (no ring)
                                l - +5 ring of dexterity

@: infused (expiring), regenerating slowly
A: claws 1, fangs 3, see invisible, unbreathing
a: Bat Form, Renounce Religion


You were on level 9 of the Dungeon.
You worshipped Kikubaaqudgha.
Kikubaaqudgha was noncommittal.
You were thirsty.

You visited 2 branches of the dungeon, and saw 10 of its levels.

You collected 416 gold pieces.

Inventory:

Hand Weapons
 a - a +0 falchion
 B - the +8 mace of Impatience (weapon) {antimagic, *Noise rN+ Dex+7}
   (You took it off a gnoll on level 6 of the Dungeon)

   It reduces the magical energy of the wielder, and disrupts the spells and
   magical abilities of those hit.
   Natural abilities and divine invocations are not affected.
   It affects your dexterity (+7).
   It protects you from negative energy.
   It may make noises in combat.
Armour
 b - a +0 leather armour (worn)
 o - a +0 helmet (worn)
 y - a cursed +0 buckler
Jewellery
 l - a +5 ring of dexterity (left claw)
Wands
 p - a wand of flame (19/48)
 q - a wand of iceblast (0/15)
 A - a wand of lightning (0/15)
Scrolls
 g - a scroll of identify
 h - a scroll of enchant armour {unknown}
 i - 6 scrolls of teleportation
 j - a scroll of random uselessness {unknown}
 m - 4 scrolls of magic mapping
 n - 6 scrolls of amnesia {unknown}
 r - a scroll of recharging {unknown}
 s - 5 scrolls of enchant weapon {unknown}
 t - a scroll of blinking {unknown}
 u - 3 scrolls of remove curse {unknown}
 v - a scroll of fear {unknown}
Potions
 e - 4 potions of haste
 f - 4 potions of flight
 x - a potion of might
 z - a potion of berserk rage
Books
 c - a book of Battle

   Spells                             Type                      Level
   a - Infusion                       Charms                       1
   b - Shroud of Golubria             Charms/Translocation         2
   c - Song of Slaying                Charms                       2
   d - Spectral Weapon                Hexes/Charms                 3
   e - Regeneration                   Charms/Necromancy            3
 d - a book of Misfortune

   Spells                             Type                      Level
   a - Confusing Touch                Hexes                        1
   b - Confuse                        Hexes                        3
   c - Gell's Gravitas                Hexes/Translocation          3
   d - Petrify                        Transmutation/Earth          4
   e - Metabolic Englaciation         Hexes/Ice                    5
   f - Yara's Violent Unravelling     Hexes/Transmutation          5
 k - a book of Maledictions

   Spells                             Type                      Level
   a - Corona                         Hexes                        1
   b - Ensorcelled Hibernation        Hexes/Ice                    2
   c - Confuse                        Hexes                        3
   d - Tukima's Dance                 Hexes                        3
   e - Dazzling Spray                 Conjuration/Hexes            3
Miscellaneous
 w - a box of beasts


   Skills:
 - Level 6.0 Fighting
 - Level 6.0 Long Blades
 - Level 1.1 Armour
 - Level 1.1 Dodging
 + Level 3.6 Shields
 + Level 4.8 Spellcasting
 - Level 9.1 Hexes
 - Level 5.0 Charms
 + Level 7.6 Necromancy
 + Level 0.0 Evocations


You had one spell level left.
You knew the following spells:

 Your Spells              Type           Power        Failure   Level  Hunger
a - Infusion              Chrm           ###.         2%          1    None
b - Shroud of Golubria    Chrm/Tloc      ##........   14%         2    ##.....
c - Song of Slaying       Chrm           ###.....     4%          2    ##.....
d - Regeneration          Chrm/Necr      ###.......   6%          3    ###....
e - Tukima's Dance        Hex            ####....     1%          3    ###....
f - Confuse               Hex            ####....     1%          3    ###....
g - Dazzling Spray        Conj/Hex       ###...       12%         3    ###....


Dungeon Overview and Level Annotations

Branches:
Dungeon (9/15)             Temple (1/1) D:6
   Lair: D:8-11         Orc: D:9-12

Altars:
Ashenzari
Cheibriados
Dithmenos
Elyvilon
Fedhas
Gozag
Hepliaklqana
Kikubaaqudgha
Makhleb
Nemelex Xobeh
Okawaru
Qazlal
Ru
Sif Muna
Trog
Uskayaw
Vehumet
Xom
Yredelemnul
Zin
The Shining One

Shops:
D:4 ?}   D:6 *

Annotations:
D:5 Gekot's ghost, novice FoFi


Innate Abilities, Weirdness & Mutations

You heal slowly.
You have razor-sharp teeth.
You have supernaturally acute eyesight. (SInv)
You can survive without breathing.
You have sharp fingernails.


Message History

The troll claws you but does no damage. The troll closely misses you.
You hit the troll. Your bite misses the troll.
The troll is almost dead.
The troll bites you. The troll closely misses you. The troll claws you!
You barely miss the troll.
The troll is almost dead.
The troll bites you! The troll claws you. The troll claws you!
* * * LOW HITPOINT WARNING * * *
The troll barely misses you. The troll claws you!
* * * LOW HITPOINT WARNING * * *
The troll closely misses you.
Casting: Confuse
Confirm with . or Enter, or press ? or * to list all spells.
Okay, then.
Evoke which item? (* to show all) (? for menu, Esc to quit)
Zapping:
q - a wand of iceblast {zapped: 8} (will waste charges)
Press: ? - help, Shift-Dir - straight line, p - troll Nothing appears to happen.
The troll bites you!
You die...
Kikubaaqudgha rasps: "You have failed me!
Welcome... oblivion!"

../## ##..# #...####.##
.... ..## ##...##...#
..#..
#..#######......##
.###..#
#..............(.# .#
##..
##........###....## ..
#..####....#####
#....## #..#......#
#....# . #........#
#...## ..## #....#.@.#
##..## ...## ##..##..T#
#...# #...###...##...#
##..## #............###
#...#
##...##.........###..##
#..#####............#
#..# #..######....##
##.## ##.## ##....##
#..# #..# ##.....##


You could see a troll.

Vanquished Creatures
  3 hippogriffs
  A steam dragon (D:8)
  A sky beast (D:8)
  An orc warrior (D:8)
  An ice beast (D:7)
  5 phantoms
  A black bear (D:7)
  7 ogres
  5 centaurs
  7 bullfrogs
  A scorpion (D:8)
  2 crimson imps
  2 quasits
  2 centaur skeletons
  4 hounds
  3 jellies (D:8)
  4 orc priests
  8 orc wizards
  4 iguanas
  Jessica (D:3)
  9 worker ants
  Ijyb (D:3)
  2 hound skeletons
  A worker ant zombie (D:4)
  Robin (D:3)
  4 gnolls (D:6)
  14 adders
  A shadow imp (D:8)
  An ooze (D:2)
  2 adder skeletons
  7 worms
  2 dart slugs
  15 leopard geckos
  22 orcs
  10 giant cockroaches
  11 goblins
  19 hobgoblins
  5 jackals
  4 kobolds
  6 quokkas
  6 bats
  9 frilled lizards
  9 rats
224 creatures vanquished.

Notes
Turn   | Place    | Note
-------+----------+-------------------------------------------
     0 | D:1      | KarmaPolice the Vampire Skald began the quest for the Orb.
     0 | D:1      | Reached XP level 1. HP: 16/16 MP: 3/3
   166 | D:1      | Reached XP level 2. HP: 18/22 MP: 5/5
   590 | D:1      | Learned a level 2 spell: Shroud of Golubria
   743 | D:2      | Learned a level 2 spell: Song of Slaying
   841 | D:2      | Reached XP level 3. HP: 23/27 MP: 6/6
  1022 | D:2      | Found a shattered altar of Ashenzari.
  1523 | D:2      | Found an opulent altar of Gozag.
  1885 | D:2      | Reached XP level 4. HP: 16/34 MP: 3/7
  1891 | D:2      | Learned a level 3 spell: Regeneration
  2212 | D:3      | Noticed Jessica
  2216 | D:3      | Killed Jessica
  2257 | D:3      | Noticed Robin
  2282 | D:3      | Killed Robin
  3120 | D:3      | Noticed a black bear
  3667 | D:2      | Reached XP level 5. HP: 40/40 MP: 1/9
  4156 | D:3      | Noticed Ijyb
  4201 | D:3      | Killed Ijyb
  4712 | D:4      | Gained mutation: You have sharp fingernails. [potion of beneficial mutation]
  4931 | D:4      | Reached skill level 1 in Necromancy
  5403 | D:4      | Reached XP level 6. HP: 45/47 MP: 10/10
  5430 | D:4      | Learned a level 3 spell: Tukima's Dance
  5965 | D:4      | Reached skill level 5 in Charms
  6545 | D:4      | Found Qigin's Gadget Boutique.
  6619 | D:4      | Found Wiynirir's Magic Scroll Shoppe.
  6680 | D:4      | Reached XP level 7. HP: 41/52 MP: 11/11
  7187 | D:4      | Reached skill level 1 in Hexes
  7482 | D:5      | Entered Level 5 of the Dungeon
  7826 | D:5      | Reached skill level 2 in Hexes
  8097 | D:5      | Noticed Gekot's ghost (novice FoFi)
  9127 | D:6      | Reached skill level 3 in Hexes
  9172 | D:6      | Learned a level 3 spell: Confuse
  9174 | D:6      | Found a staircase to the Ecumenical Temple.
  9196 | Temple   | Entered the Ecumenical Temple
  9310 | D:6      | Reached XP level 8. HP: 25/60 MP: 9/14
  9669 | D:6      | Reached skill level 5 in Long Blades
 10012 | D:6      | Reached skill level 4 in Hexes
 10314 | D:6      | Got a faintly glowing mace {antimagic}
 10398 | Temple   | Identified the +8 mace of Impatience {antimagic, *Noise rN+ Dex+7} (You took it off a gnoll on level 6 of the Dungeon)
 10782 | D:6      | Found Imatsauf's General Store.
 10951 | D:7      | Reached skill level 5 in Hexes
 11323 | D:7      | Reached skill level 5 in Necromancy
 12026 | D:7      | Reached skill level 6 in Hexes
 12330 | D:7      | Reached skill level 5 in Fighting
 12657 | D:7      | Reached XP level 9. HP: 55/68 MP: 1/15
 12745 | D:7      | Reached skill level 1 in Armour
 13836 | D:8      | Reached skill level 1 in Shields
 13836 | D:8      | Reached skill level 7 in Hexes
 14947 | D:8      | Reached skill level 8 in Hexes
 15326 | D:8      | Found an iron altar of Okawaru.
 15326 | D:8      | Found an ancient bone altar of Kikubaaqudgha.
 16545 | D:8      | Reached XP level 10. HP: 62/76 MP: 5/16
 16601 | D:8      | HP: 3/76 [shadow imp (4)]
 17505 | D:9      | Reached skill level 9 in Hexes
 17588 | D:8      | Became a worshipper of Kikubaaqudgha
 18016 | D:9      | Learned a level 3 spell: Dazzling Spray
 18175 | D:9      | Mangled by a troll

Skill      XL: |  1  2  3  4  5  6  7  8  9 10 |
---------------+-------------------------------+-----
Fighting       | 2 3 5 6 |  6.0
Charms         | 4 5 |  5.0
Long Blades    | 3 4 6 |  6.0
Spellcasting   | 3 4 |  4.8
Necromancy     | 1 2 4 5 7 |  7.6
Hexes          | 3 6 8 9 |  9.1
Armour         | 1 |  1.1
Shields        | 3 |  3.6
Dodging        | |  1.1

Action                   |  1- 3 |  4- 6 |  7- 9 | 10-12 || total
-------------------------+-------+-------+-------+-------++-------
Melee: Falchion          |   122 |   245 |   258 |       ||   625
       Bite              |     9 |    44 |    75 |     9 ||   137
       Unarmed           |       |    38 |    30 |       ||    68
       Mace              |       |       |   184 |    62 ||   246
 Cast: Infusion          |     4 |    15 |    52 |     8 ||    79
       Song of Slaying   |     1 |     6 |     3 |     2 ||    12
       Shroud of Golubri |       |     9 |    21 |     4 ||    34
       Regeneration      |       |     7 |    34 |     4 ||    45
       Confuse           |       |       |     2 |     1 ||     3
 Abil: End Transformatio |     1 |    15 |    12 |     2 ||    30
       Bat Form          |     1 |    15 |    12 |     2 ||    30
Evoke: Wand              |       |       |     4 |       ||     4
  Use: Potion            |     1 |    12 |    16 |     2 ||    31
       Scroll            |       |       |     4 |     1 ||     5
 Stab: Sleeping          |     5 |    10 |     3 |       ||    18
       Distracted        |       |       |     1 |     1 ||     2
       Confused          |       |       |       |     5 ||     5
  Eat: Corpse            |     1 |     8 |    11 |     1 ||    21
Armor: Leather armour    |    37 |    74 |    95 |    15 ||   221
Dodge: Dodged            |    77 |   175 |   346 |    49 ||   647
       Rpst.: Falchion   |    25 |    39 |    37 |       ||   101
